 Dungeon Crawl Stone Soup version 0.30-a0-851-gbd0d260d8e (webtiles) character file.

Game seed: 12125426930527193094

43 Bnni the Stinger (level 3, -6/26 HPs)
             Began as a Demonspawn Venom Mage on Mar 4, 2023.
             Mangled by a gnoll
             ... wielding a +2 flail of protection
              (10 damage)
             ... on level 2 of the Dungeon.
             The game lasted 00:03:09 (1693 turns).

Bnni the Stinger (Demonspawn Venom Mage)            Turns: 1693, Time: 00:03:09

Health: -6/26      AC:  3    Str:  8    XL:     3   Next: 37%
Magic:  1/6        EV: 12    Int: 18    God:
Gold:   104        SH:  0    Dex: 13    Spells: 3/6 levels left

rFire   . . .      SeeInvis .    e - +0 spear
rCold   . . .      Faith    .    (no shield)
rNeg    . . .      Spirit   .    a - +0 robe
rPois   .          Reflect  .    (no helmet)
rElec   .          Rampage  .    k - +0 cloak
rCorr   .                        (no gloves)
Will    .....                    (no boots)
Stlth   ++                       (no amulet)
HPRegen 0.24/turn                (no ring)
MPRegen 0.10/turn                (no ring)

@: very slightly contaminated
A: hooves 1, powered by death 1
a: no special abilities


You were on level 2 of the Dungeon.
You visited 1 branch of the dungeon, and saw 3 of its levels.

You collected 104 gold pieces.

Inventory:

Hand Weapons
 e - a +0 spear (weapon)
Armour
 a - a +0 robe (worn)
 k - a +0 cloak (worn)
Scrolls
 c - a scroll of poison {unknown}
 f - a scroll of silence {unknown}
 g - a scroll of enchant weapon {unknown}
 h - a scroll of immolation {unknown}
 l - a scroll of identify {unknown}
 p - a scroll of teleportation {unknown}
 r - a scroll of summoning {unknown}
 t - a scroll of blinking {unknown}
Potions
 b - a potion of magic
 d - 2 potions of lignification {unknown}
 i - 2 potions of cancellation {unknown}
 j - a potion of curing {unknown}
 m - 3 potions of heal wounds {unknown}
 n - a potion of flight {unknown}
 o - a potion of haste {unknown}
 q - a potion of invisibility {unknown}
 s - 2 potions of resistance {unknown}


   Skills:
 + Level 1.2 Fighting
 - Level 1.7 Dodging
 - Level 1.7 Stealth
 + Level 2.4 Spellcasting
 - Level 0.8 Transmutations
 * Level 3.8 Poison Magic


You had 3 spell levels left.
You knew the following spells:

 Your Spells              Type           Power      Damage    Failure   Level
a - Sting                 Tmut/Pois      40%        1d5       7%          1
b - Poisonous Vapours     Pois/Air       18%        N/A       12%         2

Your spell library contained the following spells:

 Spells                   Type           Power      Damage    Failure   Level
 Mephitic Cloud           Conj/Pois/Air  6%         N/A       30%         3
 Summon Guardian Golem    Hex/Summ       2%         N/A       45%         3
 Olgreb's Toxic Radiance  Pois           16%        N/A       34%         4
 Blade Hands              Tmut           2%         N/A       98%         5
 Irradiate                Conj/Tmut      1%         3d12      99%         5
 Dragon Form              Tmut           2%         N/A       100%        7
 Orb of Destruction       Conj           1%         9d5       100%        7
 Spellforged Servitor     Conj/Summ      1%         N/A       100%        7


Dungeon Overview and Level Annotations

Branches:
Dungeon (3/15)

Altars:

Shops:
D:1 =


Innate Abilities, Weirdness & Mutations

You have large cloven feet.
You regenerate a little health from kills.


Message History

The gnoll is lightly wounded.
The gnoll hits you with a +2 flail of protection!
The gnoll attacks as you move away! The gnoll closely misses you.
A kobold comes into view. It is wielding a +0 club.
The kobold throws a stone.
The stone barely misses you.
There is a stone staircase leading up here.
The gnoll barely misses you.
You climb upwards.
There is a stone staircase leading down here.
Aiming: Sting (safe; 7% risk of failure)
Press: ? - help, Q - select action, (/) - cycle Shift-Dir - straight line, f - gnoll
Aim: a gnoll, wielding a +2 flail of protection (moderately wounded, poisoned, 75% to hit)
The sting hits the gnoll.
The gnoll looks even sicker.
The gnoll is moderately wounded.
The gnoll closely misses you.
Aiming: Sting (safe; 7% risk of failure)
Press: ? - help, Q - select action, (/) - cycle Shift-Dir - straight line, f/p - gnoll
Aim: a gnoll, wielding a +2 flail of protection (heavily wounded, very poisoned, 75% to hit)
The sting hits the gnoll but does no damage.
The gnoll looks even sicker.
The gnoll is heavily wounded.
The gnoll barely misses you.
Aiming: Sting (safe; 7% risk of failure)
Press: ? - help, Q - select action, (/) - cycle Shift-Dir - straight line, f/p - gnoll
Aim: a gnoll, wielding a +2 flail of protection (heavily wounded, very poisoned, 75% to hit)
You miscast Sting.
You are very lightly contaminated with residual magic.
Nothing appears to happen.
The gnoll barely misses you.
Aiming: Sting (safe; 7% risk of failure)
Press: ? - help, Q - select action, (/) - cycle Shift-Dir - straight line, f/p - gnoll
Aim: a gnoll, wielding a +2 flail of protection (heavily wounded, very poisoned, 75% to hit)
The sting hits the gnoll but does no damage.
The gnoll looks as sick as possible!
The gnoll is heavily wounded.
The gnoll hits you with a +2 flail of protection!
* * * LOW HITPOINT WARNING * * *
The gnoll attacks as you move away!
The gnoll hits you with a +2 flail of protection!
You die...

#........# ###.######.#
....# #.# ##### #.#
##########.# ############
...........####..........#
#########................#
................########.#
.####.###.......@........#
.# #.# #.####.g.#######.#
.# #.# #.###.###.# #.# ##
#.# #.....# #.# #.# #.#
#.###.###.### #.# #.#
#.#.........# #.# #.#
#.#.##.####.# #.# #.#
#.#.##.# #.# #.###### #.#
#....#.# #.# #......#


You could see a gnoll (extremely poisoned).

Vanquished Creatures
  A worm (D:2)
  4 dart slugs
  4 endoplasms
  A giant cockroach (D:1)
  3 goblins
  2 hobgoblins
  8 kobolds
  A quokka (D:2)
  2 ball pythons
  2 bats
  5 rats
33 creatures vanquished.

Vanquished Creatures (others)
  2 fungi (D:1)
2 creatures vanquished.

Grand Total: 35 creatures vanquished

Notes
Turn   | Place    | Note
-------+----------+-------------------------------------------
     0 | D:1      | Bnni the Demonspawn Venom Mage began the quest for the Orb.
     0 | D:1      | Reached XP level 1. HP: 13/13 MP: 3/3
   187 | D:1      | Found a faded altar of an unknown god.
   384 | D:1      | Gained mutation: You regenerate a little health from kills.
                  | [demonic ancestry]
   384 | D:1      | Reached XP level 2. HP: 16/20 MP: 0/5
   434 | D:1      | Found Puqeyvagh's Jewellery Shoppe.
   450 | D:1      | Learned a level 2 spell: Poisonous Vapours
   833 | D:2      | Reached skill level 1 in Fighting
   931 | D:2      | Gained mutation: You have large cloven feet. [demonic
                  | ancestry]
   931 | D:2      | Reached XP level 3. HP: 26/26 MP: 1/6
  1693 | D:2      | Mangled by a gnoll

Illustrated notes

Levels and vault maps discovered:
D:1:      tarquinn_simple_flora_water_b, layout_rooms, serial_shops,
          nicolae_shop_window_shopping, shapermc_ecumenical_altar_ellora
D:2:      layout_loops_ring
D:3:      layout_basic, bloody_makhleb, serial_glass, glass_columns_c,
          glass_columns_a, glass_columns_a, glass_columns_b, glass_columns_c,
          glass_columns_a, glass_columns_b, glass_columns_b, glass_columns_c,
          glass_columns_c, glass_columns_b, glass_columns_c, glass_columns_a,
          glass_columns_b, kennysheep_generic_room_9

Skill      XL: |  1  2 |
---------------+-------+-----
Fighting       | 1 |  1.2
Dodging        | |  1.7
Stealth        | |  1.7
Spellcasting   | |  2.4
Transmutations | |  0.8
Poison Magic   | |  3.8

Action                     || total
---------------------------++-------
  Melee: Spear             ||    64
         Unarmed           ||     5
         Punch             ||     2
         Kick              ||     5
   Cast: Sting             ||    43
   Stab: Sleeping          ||     2
 Armour: Robe              ||     9
  Dodge: Dodged            ||    36

Table legend: (Time is in decaauts)
 A = Elapsed time spent in this place.
 B = Non-inter-level travel time spent in this place.
 C = Inter-level travel time spent in this place.
 D = Time resting spent in this place.
 E = Time spent auto-exploring this place.
 F = Levels seen in this place.
 G = Mean time per level.
                   A        B        C        D        E       F      G
               +--------+--------+--------+--------+--------+-----+--------+
         Total |   1699 |   1670 |     29 |     35 |   1344 |   3 |  566.3 |
       Dungeon |   1699 |   1670 |     29 |     35 |   1344 |   3 |  566.3 |
               +--------+--------+--------+--------+--------+-----+--------+

Top non-repeatable levels by time:
     D:2: 825 daAuts
     D:1: 765 daAuts
     D:3: 108 daAuts
